 Dungeon Crawl Stone Soup version 0.29-a0-350-g7790a0e70a (webtiles) character file.

Game seed: 7593703200851079521

12858 garrulousMonolith the Geomancer (level 11, -2/69 HPs)
             Began as a Gargoyle Earth Elementalist on Apr 22, 2022.
             Was a Priest of Sif Muna.
             Slain by a two-headed ogre
             ... wielding a +0 giant club
              (14 damage)
             ... on level 11 of the Dungeon.
             The game lasted 00:20:44 (14911 turns).

garrulousMonolith the Geomancer (GrEE)             Turns: 14911, Time: 00:20:44

Health: -2/69      AC: 29    Str: 15    XL:     11   Next: 99%
Magic:  11/22      EV: 12    Int: 20    God:    Sif Muna [***...]
Gold:   592        SH:  0    Dex: 10    Spells: 6/24 levels left

rFire   . . .      SeeInvis .   b - +2 whip (elec)
rCold   + . .      Faith    .   M - orb {light}
rNeg    + . .      Spirit   .   J - +5 ring mail of Fedhas's Benevolence {Str+3}
rPois   ∞          Reflect  .   O - +0 helmet
rElec   +          Harm     .   G - +2 cloak
rCorr   .          Rampage  .   A - +2 pair of gloves
Will    .....                   s - +0 pair of boots
Stlth   +.........              l - amulet of regeneration
HPRegen 1.01/turn               F - ring of protection from cold
MPRegen 0.18/turn               x - ring of wizardry

@: glowing
A: sickness immunity, AC +8, negative energy resistance 1, electricity
resistance, torment resistance 1, petrification resistance
a: Renounce Religion, Channel Magic, Forget Spell


You were on level 11 of the Dungeon.
You worshipped Sif Muna.
Sif Muna was most pleased with you.
You visited 2 branches of the dungeon, and saw 12 of its levels.

You collected 634 gold pieces.
You spent 42 gold pieces at shops.

Inventory:

Hand Weapons
 a - a +0 vorpal hunting sling
 b - a +2 whip of electrocution (weapon)
 p - a +0 trident
Missiles
 u - 29 poisoned darts (quivered)
 y - 129 stones
 P - 3 boomerangs
Armour
 s - a +0 pair of boots (worn)
 A - a +2 pair of gloves (worn)
 G - a +2 cloak (worn)
 J - the +5 ring mail of Fedhas's Benevolence (worn) {Str+3}
   (You found it on level 7 of the Dungeon)

   Str:       It affects your strength (+3).
 L - a +2 leather armour of fire resistance
 M - an orb of light (worn)
 O - a +0 helmet (worn)
 Q - +0 acid dragon scales
Magical Staves
 k - a staff of fire
 v - a staff of poison
Jewellery
 l - an amulet of regeneration (around neck)
 m - an amulet of the acrobat
 x - a ring of wizardry (right hand)
 F - a ring of protection from cold (left hand)
 I - a +6 ring of dexterity
Wands
 n - a wand of paralysis (5)
 w - a wand of acid (3)
 C - a wand of flame (14)
 E - a wand of polymorph (27)
 K - a wand of iceblast (4)
 S - a wand of charming (4)
Scrolls
 h - 3 scrolls of teleportation
 r - 2 scrolls of enchant armour
 z - 4 scrolls of fear
 H - a scroll of enchant weapon
 N - 2 scrolls of magic mapping
Potions
 c - 3 potions of heal wounds
 d - 6 potions of attraction
 e - 3 potions of haste
 f - 4 potions of curing
 g - a potion of degeneration {unknown}
 i - 4 potions of ambrosia
 j - 2 potions of magic
 o - 2 potions of brilliance
 q - 2 potions of cancellation {unknown}
 t - a potion of mutation {unknown}
 B - a potion of might {unknown}
 D - 2 potions of lignification


   Skills:
 + Level 8.5 Fighting
 + Level 8.5 Armour
 - Level 5.0 Dodging
 - Level 2.1 Stealth
 + Level 7.4 Spellcasting
 - Level 10.0 Conjurations
 - Level 1.0 Transmutations
 - Level 10.0 Earth Magic


You had 6 spell levels left.
You knew the following spells:

 Your Spells              Type           Power      Damage    Failure   Level
a - Sandblast             Erth           94%        2d19      1%          1
b - Stone Arrow           Conj/Erth      94%        3d12      1%          3
c - Passwall              Tmut/Erth      24%        N/A       1%          2
d - Apportation           Tloc           14%        N/A       6%          1
e - Flame Wave            Conj/Fire      27%        2d7       9%          4
f - Blink                 Tloc           14%        N/A       10%         2
g - Fireball              Conj/Fire      13%        3d7       22%         5

Your spell library contained the following spells:

 Spells                   Type           Power      Damage    Failure   Level
 Foxfire                  Conj/Fire      100%       2x1d9     1%          1
 Shock                    Conj/Air       100%       1d9       1%          1
 Conjure Flame            Conj/Fire      27%        6-21      2%          3
 Dazzling Flash           Conj/Hex       54%        N/A       2%          3
 Animate Skeleton         Necr           14%        N/A       6%          1
 Pain                     Necr           28%        1d5       6%          1
 Petrify                  Tmut/Erth      29%        N/A       6%          4
 Iskenderun's Mystic Bla  Conj/Tloc      27%        2d7       9%          4
 Sticky Flame             Conj/Fire      27%        2d5       9%          4
 Corpse Rot               Necr/Air       14%        N/A       10%         2
 Poisonous Vapours        Pois/Air       14%        N/A       10%         2
 Ignite Poison            Fire/Tmut/Pois 8%         N/A       16%         3
 Inner Flame              Hex/Fire       7%         N/A       19%         3
 Swiftness                Air            7%         N/A       19%         3
 Vampiric Draining        Necr           7%         2d6       19%         3
 Freezing Cloud           Conj/Ice/Air   10%        6-21      38%         5
 Airstrike                Air            3%         N/A       50%         4
 Starburst                Conj/Fire      13%        6d6       73%         6
 Alistair's Intoxication  Tmut/Pois      6%         N/A       77%         5
 Manifold Assault         Tloc           7%         N/A       83%         5
 Simulacrum               Ice/Necr       3%         N/A       100%        6
 Storm Form               Tmut/Air       4%         N/A       100%        7
 Ignition                 Fire           3%         3d4       100%        8
 Polar Vortex             Ice            3%         N/A       100%        9


Dungeon Overview and Level Annotations

Branches:
Dungeon (11/15)            Temple (1/1) D:4            Lair (0/6) D:8
    Orc: D:9-12

Altars:
Ashenzari
Cheibriados
Dithmenos
Elyvilon
Fedhas
Gozag
Hepliaklqana
Kikubaaqudgha
Makhleb
Nemelex Xobeh
Okawaru
Qazlal
Ru
Sif Muna
Trog
Uskayaw
Vehumet
Wu Jian
Xom
Yredelemnul
Zin
The Shining One

Shops:
D:3 (   D:5 *

Annotations:
D:9 2 transporters, rabbitsville's ghost, novice DECj
D:11 Lodul


Innate Abilities, Weirdness & Mutations

You are immune to sickness and miasma.
Your stone body is resilient. (AC +8)
You are immune to poison.
You resist negative energy. (rN+)
You are resistant to electric shocks. (rElec)
You are resistant to unholy torment.
You are immune to petrification.


Message History

Restarting spell: Flame Wave (dangerous; 9% risk of failure)
Press: ? - help, Dir - look around, f - activate A wave of flame ripples out!
The flame wave engulfs the two-headed ogre but does no damage.
The two-headed ogre is lightly wounded.
The flame wave engulfs the two-headed ogre.
The two-headed ogre is heavily wounded.
The flame wave engulfs the two-headed ogre.
The two-headed ogre is almost dead. (Press . to intensify the flame waves.)
The two-headed ogre hits you but does no damage.
The two-headed ogre barely misses you.
The two-headed ogre completely misses you.
The two-headed ogre hits you but does no damage.
Casting: Flame Wave (dangerous; 9% risk of failure)
Confirm with . or Enter, or press ? or * to list all spells.
Restarting spell: Flame Wave (dangerous; 9% risk of failure)
Press: ? - help, Dir - look around, f - activate A wave of flame ripples out!
The flame wave engulfs the two-headed ogre!
The two-headed ogre is moderately wounded.
The flame wave engulfs the two-headed ogre!
The two-headed ogre is severely wounded.
The flame wave engulfs the two-headed ogre!
You kill the two-headed ogre!
Sif Muna accepts your kill.
The flame wave engulfs the two-headed ogre.
The two-headed ogre is lightly wounded. (Press . to intensify the flame waves.)
The two-headed ogre hits you with a +0 giant club! x2
The two-headed ogre barely misses you.
The two-headed ogre hits you with a +0 giant club!
* * * LOW HITPOINT WARNING * * *
The two-headed ogre attacks as you move away!
The two-headed ogre barely misses you.
The two-headed ogre hits you with a +0 giant club.
* * * LOW HITPOINT WARNING * * *
The ogre attacks as you move away! The ogre hits you but does no damage.
The two-headed ogre hits you with a +0 giant club!
You die...

#....>....#
#.....)...#
#.....$...#
#.........#
#.........#
#..O......#
#.OOOO....#
#.O.OO....#
#..@......#
#.........#
#####.........#
..............#
..............#
.........######
..........#
..........# ..#
..........#


You could see Lodul, 4 two-headed ogres and 3 ogres.

Vanquished Creatures
  Erolcha (D:9)
  5 two-headed ogres
  Pikel (D:7)
  Joseph (D:9)
  An unseen horror (D:10)
  A komodo dragon (D:10)
  Grinder (D:3)
  A hornet (D:4)
  8 yaks
  2 wyverns
  3 steam dragons
  5 vampire mosquitoes (D:11)
  2 acid dragons
  3 water moccasins
  5 orc warriors
  4 sky beasts
  2 ice beasts
  5 black bears
  3 ogres
  3 centaurs
  4 lemures (D:7)
  A kobold brigand (D:6)
  9 bullfrogs
  2 gnoll sergeants (D:10)
  A scorpion (D:5)
  11 wights
  5 killer bees (D:9)
  A howler monkey (D:5)
  A crimson imp (D:4)
  A hound (D:6)
  4 jellies
  A gnoll shaman (D:4)
  4 orc priests
  3 iguanas
  12 orc wizards
  9 gnolls
  12 adders
  4 white imps
  2 ufetubi (D:5)
  3 worms
  36 orcs
  9 ball pythons
  4 bats
  3 endoplasms
  4 giant cockroaches
  10 hobgoblins
  4 jackals (D:1)
  4 quokkas
  A frilled lizard (D:2)
  5 goblins
  12 kobolds
  7 rats
246 creatures vanquished.

Vanquished Creatures (others)
  36 fungi (D:8)
  37 plants (D:8)
73 creatures vanquished.

Grand Total: 319 creatures vanquished

Notes
Turn   | Place    | Note
-------+----------+-------------------------------------------
     0 | D:1      | garrulousMonolith the Gargoyle Earth Elementalist began the
                  | quest for the Orb.
     0 | D:1      | Reached XP level 1. HP: 10/10 MP: 3/3
   165 | D:1      | Reached XP level 2. HP: 2/15 MP: 3/5
   483 | D:1      | Reached skill level 1 in Transmutations
   876 | D:2      | Reached XP level 3. HP: 20/20 MP: 2/6
   881 | D:2      | Learned a level 3 spell: Stone Arrow
   884 | D:2      | Learned a level 2 spell: Passwall
   973 | D:2      | Reached skill level 1 in Fighting
  1039 | D:2      | Found a sacrificial altar of Ru.
  1078 | D:2      | Reached skill level 1 in Armour
  1225 | D:2      | Reached XP level 4. HP: 25/25 MP: 5/7
  1329 | D:2      | Reached skill level 1 in Conjurations
  1707 | D:3      | Found Wiecipyr's Weapon Emporium.
  1721 | D:3      | Bought a +0 vorpal hunting sling for 42 gold pieces
  1873 | D:3      | Noticed Grinder
  1885 | D:3      | Paralysed by Grinder for 6 turns
  1901 | D:3      | Killed Grinder
  1902 | D:3      | Reached skill level 5 in Earth Magic
  1902 | D:3      | Reached XP level 5. HP: 10/30 MP: 3/9
  1902 | D:3      | Reached XP level 6. HP: 12/35 MP: 3/10
  2806 | D:3      | You fall into a shaft and drop 1 floor!
  3039 | D:4      | Found a staircase to the Ecumenical Temple.
  3100 | Temple   | Entered the Ecumenical Temple
  3525 | Temple   | Became a worshipper of Sif Muna the Loreminder
  3673 | D:4      | Reached XP level 7. HP: 40/40 MP: 8/11
  3735 | D:4      | Noticed a hornet
  3744 | D:4      | Killed a hornet
  4888 | D:5      | Entered Level 5 of the Dungeon
  4990 | D:5      | Reached XP level 8. HP: 46/46 MP: 2/13
  5080 | D:5      | Found Loanil's Serpentskin Sales.
  5558 | D:5      | Reached skill level 5 in Conjurations
  6136 | D:5      | Noticed a yak
  6163 | D:5      | Killed a yak
  6305 | D:5      | Noticed a yak
  6309 | D:5      | Killed a yak
  6310 | D:5      | Reached XP level 9. HP: 52/52 MP: 4/15
  6402 | D:5      | Reached * piety under Sif Muna
  7254 | D:6      | Found a shimmering altar of Xom.
  7829 | D:6      | Learned a level 1 spell: Apportation
  8168 | D:7      | Identified the +5 ring mail of Fedhas's Benevolence {Str+3}
  8217 | D:7      | Reached skill level 5 in Fighting
  8378 | D:7      | Reached ** piety under Sif Muna
  8379 | D:7      | Reached skill level 5 in Armour
  8717 | D:7      | Noticed Pikel
  8750 | D:7      | Reached XP level 10. HP: 59/59 MP: 2/17
  9501 | D:7      | Killed Pikel
 10310 | D:8      | Reached skill level 5 in Spellcasting
 10665 | D:8      | Found a staircase to the Lair.
 10924 | D:8      | Reached skill level 10 in Earth Magic
 11402 | D:8      | Noticed a two-headed ogre
 11406 | D:8      | Killed a two-headed ogre
 11492 | D:8      | Learned a level 4 spell: Flame Wave
 12112 | D:9      | Noticed a two-headed ogre
 12113 | D:9      | Noticed rabbitsville's ghost (novice DECj)
 12115 | D:9      | Found a transporter.
 12175 | D:9      | Reached skill level 5 in Dodging
 12231 | D:9      | Noticed Erolcha
 12236 | D:9      | Killed Erolcha
 12237 | D:9      | Reached XP level 11. HP: 66/66 MP: 6/19
 12401 | D:9      | Noticed Joseph
 12411 | D:9      | Killed Joseph
 13237 | D:9      | Found a transporter.
 13238 | D:9      | Identified the +6 great mace of Descent {spect, *Corrode
                  | rElec rPois rN+}
 13238 | D:9      | Identified the +2 dire flail "Vavod" {vorpal, Str+3}
 13238 | D:9      | Noticed a two-headed ogre
 13240 | D:9      | Noticed a two-headed ogre
 13378 | D:10     | Entered Level 10 of the Dungeon
 13434 | D:10     | Noticed a two-headed ogre
 13466 | D:9      | Killed a two-headed ogre
 13467 | D:9      | Reached skill level 10 in Conjurations
 14555 | D:11     | Reached *** piety under Sif Muna
 14663 | D:11     | Noticed a two-headed ogre
 14668 | D:11     | Killed a two-headed ogre
 14810 | D:11     | Learned a level 2 spell: Blink
 14816 | D:11     | Learned a level 5 spell: Fireball
 14892 | D:11     | Noticed a two-headed ogre
 14893 | D:11     | Noticed a two-headed ogre
 14893 | D:11     | Noticed Lodul
 14894 | D:11     | Noticed a two-headed ogre
 14894 | D:11     | Noticed a two-headed ogre
 14895 | D:11     | Noticed a two-headed ogre
 14897 | D:11     | Noticed a two-headed ogre
 14897 | D:11     | Killed a two-headed ogre
 14910 | D:11     | Killed a two-headed ogre
 14911 | D:11     | Slain by a two-headed ogre

Illustrated notes

Levels and vault maps discovered:
D:1:      dpeg_arrival_orchard, layout_rooms
D:2:      layout_basic, basic_altar
D:3:      layout_basic, serial_shops, nicolae_shop_bloodbath_and_beyond,
          uniq_grinder
D:4:      minmay_chambers_of_fours, layout_loops_ring,
          minmay_temple_entry_butterflies, minmay_fire_ice_demons
D:5:      kennysheep_six_static_rooms, layout_basic, guppyfry_shop_venom
D:6:      layout_loops_cross, kennysheep_mini_moat
D:7:      layout_basic, uniq_pikel
D:8:      layout_loops_corners, due_lair_maze_entry_diamond, serial_rivers,
          chequers_serial_rivers_large_b, chequers_serial_rivers_room_b,
          chequers_serial_rivers_small_3, chequers_serial_rivers_marsh,
          bh_walls_and_bars
D:9:      layout_roguey, gammafunk_ghost_smash, uniq_erolcha, uniq_joseph
D:10:     layout_big_octagon
D:11:     layout_irregular_city, hiddenorc1_lemuel, uniq_lodul
Temple:   mainiacjoe_temple_trianglar_array

Skill      XL: |  1  2  3  4  5  6  7  8  9 10 11 |
---------------+----------------------------------+-----
Earth Magic    | 4 5 6 7 9 10 | 10.0
Transmutations | 1 |  1.0
Fighting       | 1 2 3 4 5 6 8 |  8.5
Armour         | 1 2 3 4 5 6 8 |  8.5
Conjurations   | 2 3 4 5 7 9 10 | 10.0
Dodging        | 2 3 4 5 |  5.0
Spellcasting   | 3 4 5 7 |  7.4
Stealth        | |  2.1

Action                   |  1- 3 |  4- 6 |  7- 9 | 10-12 || total
-------------------------+-------+-------+-------+-------++-------
Melee: Unarmed           |    15 |       |       |       ||    15
       Dagger            |    20 |     8 |       |       ||    28
       Staff             |       |       |    10 |       ||    10
       Trident           |       |       |    49 |       ||    49
       Hunting sling     |       |       |     1 |       ||     1
       Punch             |       |       |     1 |       ||     1
       Whip              |       |       |       |    96 ||    96
 Fire: Hunting sling     |       |    56 |    34 |     2 ||    92
 Cast: Sandblast         |    44 |    37 |    57 |    52 ||   190
       Stone Arrow       |       |       |    91 |   123 ||   214
       Flame Wave        |       |       |       |     5 ||     5
Evoke: Wand              |       |     3 |       |     2 ||     5
  Use: Potion            |     1 |       |     2 |     1 ||     4
       Scroll            |       |       |    13 |     5 ||    18
 Stab: Paralysed         |       |     7 |       |       ||     7
Armor: Robe              |    14 |     4 |       |       ||    18
       Leather armour    |       |    16 |    69 |       ||    85
       Ring mail         |       |       |    10 |   134 ||   144
Dodge: Dodged            |    42 |    20 |    63 |   146 ||   271

Table legend: (Time is in decaauts)
 A = Elapsed time spent in this place.
 B = Non-inter-level travel time spent in this place.
 C = Inter-level travel time spent in this place.
 D = Time resting spent in this place.
 E = Time spent auto-exploring this place.
 F = Levels seen in this place.
 G = Mean time per level.
                   A        B        C        D        E       F      G
               +--------+--------+--------+--------+--------+-----+--------+
         Total |  15018 |  14633 |    385 |   3704 |   8998 |  12 | 1251.5 |
       Dungeon |  14577 |  14209 |    368 |   3704 |   8642 |  11 | 1325.2 |
        Temple |    441 |    425 |     16 |      0 |    356 |   1 |  441.0 |
               +--------+--------+--------+--------+--------+-----+--------+

Top non-repeatable levels by time:
     D:7: 2202 daAuts
     D:5: 2034 daAuts
     D:8: 1978 daAuts
     D:4: 1562 daAuts
     D:9: 1389 daAuts
     D:3: 1205 daAuts
     D:6: 1047 daAuts
    D:10: 998 daAuts
     D:2: 909 daAuts
     D:1: 796 daAuts
    D:11: 453 daAuts
  Temple: 441 daAuts
